 Dungeon Crawl Stone Soup version 0.27-a0-291-gd9602db6ee (webtiles) character file.

Game seed: 18109496934842928519

398 Nattfarinn the Changer (level 6, -6/43 HPs)
             Began as a Merfolk Transmuter on Feb 9, 2021.
             Was an Initiate of Sif Muna.
             Mangled by an ice beast (9 damage)
             ... on level 5 of the Dungeon.
             The game lasted 00:09:46 (5499 turns).

Nattfarinn the Changer (Merfolk Transmuter)         Turns: 5499, Time: 00:09:46

Health: -6/43      AC:  2    Str: 11    XL:     6   Next: 83%
Magic:  10/11      EV: 21    Int: 14    God:    Sif Muna [......]
Gold:   187        SH:  0    Dex: 19    Spells: 8/12 levels left

rFire    . . .     SeeInvis .     - Unarmed
rCold    . . .     Faith    .   (shield currently unavailable)
rNeg     . . .     Spirit   .   (armour currently unavailable)
rPois    x         Reflect  .   (helmet currently unavailable)
rElec    .         Harm     .   (cloak currently unavailable)
rCorr    .         Rampage  .   (gloves currently unavailable)
Will     .....                  (boots currently unavailable)
Stlth    ++........             (no amulet)
HPRegen  0.14/turn              (no ring)
MPRegen  0.12/turn              (no ring)

@: spider-form (expiring)
A: tiny, (change form in water), (swift swim), (stealthy swim)
a: End Transformation, Renounce Religion


You were on level 5 of the Dungeon.
You worshipped Sif Muna.
Sif Muna was noncommittal.
You were a venomous arachnid creature.
You visited 2 branches of the dungeon, and saw 6 of its levels.

You collected 187 gold pieces.

Inventory:

Hand Weapons
 c - a +0 dagger of protection
 m - a +0 dagger of draining
 v - a cursed -2 glaive
 z - a +1 mace of draining (melded)
Missiles
 q - 6 atropa-tipped darts (quivered)
Armour
 a - a +0 robe (melded)
 i - a +0 pair of boots (melded)
Jewellery
 w - an uncursed amulet of faith {unknown}
Wands
 y - a wand of digging (4)
Scrolls
 d - 6 scrolls of identify {unknown}
 f - 5 scrolls of magic mapping {unknown}
 g - a scroll of remove curse {unknown}
 h - a scroll of blinking {unknown}
 j - 4 scrolls of teleportation {unknown}
 l - a scroll of noise {unknown}
 o - 2 scrolls of random uselessness {unknown}
 p - a scroll of enchant armour {unknown}
 r - a scroll of fog {unknown}
 u - 3 scrolls of amnesia {unknown}
Potions
 b - a potion of heal wounds {unknown}
 e - a potion of flight {unknown}
 k - a potion of haste {unknown}
 n - a potion of might {unknown}
 s - a potion of ambrosia {unknown}
 t - 3 potions of curing {unknown}
 x - a potion of lignification {unknown}
 A - a potion of berserk rage {unknown}


   Skills:
 - Level 1.1 Fighting
 - Level 2.6 Dodging
 - Level 3.2 Unarmed Combat
 + Level 3.5 Spellcasting
 * Level 6.8 Transmutations
 * Level 1.4 Ice Magic
 - Level 3.1 Poison Magic


You had 8 spell levels left.
You knew the following spells:

 Your Spells              Type           Power        Failure   Level
a - Beastly Appendage     Tmut           42%          6%          1
b - Spider Form           Tmut/Pois      8%           21%         3

Your spell library contained the following spells:

 Spells                   Type           Power        Failure   Level
 Wereblood                Tmut           21%          8%          2
 Blade Hands              Tmut           10%          56%         5
 Ice Form                 Ice/Tmut       14%          58%         4


Dungeon Overview and Level Annotations

Branches:
Dungeon (5/15)             Temple (1/1) D:4

Altars:
Ashenzari
Hepliaklqana
Makhleb
Okawaru
Sif Muna
Trog
The Shining One

Shops:
D:4 [


Message History

You hit the ice beast.
The ice beast is heavily wounded.
The ice beast misses you.
You hit the ice beast but do no damage.
The ice beast is heavily wounded.
The ice beast misses you.
You hit the ice beast but do no damage.
The ice beast is poisoned.
The ice beast is heavily wounded.
The ice beast hits you. The ice beast freezes you.
Your transformation is almost over.
You hit the ice beast but do no damage.
The ice beast is severely wounded.
The ice beast hits you. The ice beast freezes you!
* * * LOW HITPOINT WARNING * * *
You hit the ice beast but do no damage.
The ice beast is severely wounded.
The ice beast hits you.
* * * LOW HITPOINT WARNING * * *
The ice beast freezes you!
You die...

#######.# #.##### #.......#
#.Y...# ##.####### #.#
.......... ###########.#####.#
##.####### #..sY.............#
#.# ##.#########.######. #.#
####...#.......... ##.##
#............[......
#...######.##...##.#####.#####
...........###.###.# #..
#...####.### #(# #.# ### #####
#...####.# #.# #........# #.#


You could see an ice beast (poisoned).

Vanquished Creatures
  An ogre (D:4)
  A scorpion (D:4)
  A hound (D:5)
  An orc priest (D:5)
  A bullfrog skeleton (D:5)
  2 worker ants (D:4)
  5 adders
  An ooze (D:3)
  3 worms
  2 leopard geckos (D:4)
  3 orcs
  8 bats
  6 giant cockroaches
  8 hobgoblins
  3 quokkas
  3 ball pythons
  4 frilled lizards
  3 goblins
  10 kobolds
  7 rats
73 creatures vanquished.

Vanquished Creatures (others)
  4 fungi (D:4)
4 creatures vanquished.

Grand Total: 77 creatures vanquished

Notes
Turn   | Place    | Note
-------+----------+-------------------------------------------
     0 | D:1      | Nattfarinn the Merfolk Transmuter began the quest for the
                  | Orb.
     0 | D:1      | Reached XP level 1. HP: 15/15 MP: 3/3
   241 | D:1      | Reached skill level 3 in Transmutations
   328 | D:1      | Reached XP level 2. HP: 20/21 MP: 5/5
   481 | D:1      | Reached skill level 1 in Poison Magic
  1040 | D:2      | Reached XP level 3. HP: 26/26 MP: 4/6
  1044 | D:2      | Learned a level 3 spell: Spider Form
  1119 | D:2      | Reached skill level 4 in Transmutations
  1941 | D:2      | Reached XP level 4. HP: 32/32 MP: 0/7
  2233 | D:3      | Found a broken altar of Ashenzari.
  2489 | D:3      | Found a shimmering blue altar of Sif Muna.
  2896 | D:3      | Found a bloodstained altar of Trog.
  3025 | D:3      | Found a burning altar of Makhleb.
  3231 | D:4      | Reached skill level 5 in Transmutations
  3231 | D:4      | Reached XP level 5. HP: 24/37 MP: 2/9
  3383 | D:4      | Found Xeoz's Antique Armour Boutique.
  4136 | D:4      | Found a staircase to the Ecumenical Temple.
  4143 | Temple   | Entered the Ecumenical Temple
  4298 | D:3      | Became a worshipper of Sif Muna the Loreminder
  4527 | D:4      | Noticed an ogre
  4542 | D:4      | Killed an ogre
  4543 | D:4      | Reached skill level 6 in Transmutations
  4543 | D:4      | Reached XP level 6. HP: 43/43 MP: 7/11
  4593 | D:4      | Found a burning altar of Makhleb.
  4967 | D:5      | Entered Level 5 of the Dungeon
  5169 | D:5      | Reached skill level 1 in Ice Magic
  5476 | D:5      | Noticed an ice beast
  5499 | D:5      | Mangled by an ice beast

Illustrated notes

Levels and vault maps discovered:
D:1:      scummos_arrival_simple_fountains, layout_loops_ring,
          minmay_pentomino_p2
D:2:      minmay_diamond_boxcup, layout_rooms
D:3:      layout_loops_corners, lightli_temple_of_fire, lemuel_blue_sif_altar,
          ashenzari_altar_1, nicolae_overflow_hidden_temple
D:4:      layout_loops_ring, minmay_temple_entry_arrows, serial_shops, shop,
          serial_aquarium, aquarium_bridge_square [aquarium_subvault_wall,
          aquarium_subvault_bridge, aquarium_subvault_window,
          aquarium_subvault_bridge], aquarium_window_double, aquarium_window_1,
          aquarium_window_fake, aquarium_view_2e, aquarium_view_2c,
          bloody_makhleb
D:5:      layout_loops_ring, zin_statuary
Temple:   minmay_temple_forest_path

Skill      XL: |  1  2  3  4  5  6 |
---------------+-------------------+-----
Transmutations | 3 4 5 6 |  6.8
Poison Magic   | 1 2 3 |  3.1
Spellcasting   | 3 |  3.5
Ice Magic      | 1 |  1.4
Fighting       | |  1.1
Dodging        | |  2.6
Unarmed Combat | |  3.2

Action                   |  1- 3 |  4- 6 || total
-------------------------+-------+-------++-------
Melee: Dagger            |   140 |    43 ||   183
       Unarmed           |    11 |    68 ||    79
       Headbutt          |     9 |     2 ||    11
       Mace              |       |    16 ||    16
Throw: Dart              |       |     4 ||     4
 Cast: Beastly Appendage |    12 |     6 ||    18
       Spider Form       |     2 |    10 ||    12
 Stab: Sleeping          |     1 |     4 ||     5
Armor: Robe              |    65 |     8 ||    73
       Skin              |       |     1 ||     1
Dodge: Dodged            |   150 |    93 ||   243

Table legend: (Time is in decaauts)
 A = Elapsed time spent in this place.
 B = Non-inter-level travel time spent in this place.
 C = Inter-level travel time spent in this place.
 D = Time resting spent in this place.
 E = Time spent auto-exploring this place.
 F = Levels seen in this place.
 G = Mean time per level.
                   A        B        C        D        E       F      G
               +--------+--------+--------+--------+--------+-----+--------+
         Total |   5499 |   5256 |    243 |   1681 |   2904 |   6 |  916.5 |
       Dungeon |   5416 |   5206 |    210 |   1681 |   2854 |   5 | 1083.2 |
        Temple |     83 |     50 |     33 |      0 |     50 |   1 |   83.0 |
               +--------+--------+--------+--------+--------+-----+--------+

Top non-repeatable levels by time:
     D:4: 1545 daAuts
     D:3: 1258 daAuts
     D:2: 1084 daAuts
     D:1: 992 daAuts
     D:5: 536 daAuts
  Temple: 83 daAuts
